 Dungeon Crawl Stone Soup version 0.30.0-19-g36f170ea60 (webtiles) character file.

Game seed: 16354286441750655925

237 Ijustatesigmund the Cudgeller (level 6, -1/38 HPs)
             Began as a Gargoyle Artificer on May 31, 2023.
             Slain by Crazy Yiuf
             ... wielding a +2 quarterstaff of chaos
              (5 damage)
             ... on level 2 of the Dungeon.
             The game lasted 00:05:02 (1589 turns).

Ijustatesigmund the Cudgeller (Gargoyle Artificer)  Turns: 1589, Time: 00:05:02

Health: -1/38      AC:  8    Str: 16    XL:     6   Next: 6%
Magic:  6/6        EV: 11    Int: 13    God:
Gold:   70         SH:  0    Dex: 16    Spells: 5/5 levels left

rFire   . . .        a - +0 flail
rCold   . . .        (no shield)
rNeg    + . .        b - +1 leather armour
rPois   ∞            (no helmet)
rElec   +            (no cloak)
rCorr   .            (no gloves)
SInv    .            (no boots)
Will    .....        (no amulet)
Stlth   ++           f - +6 ring of dexterity
HPRegen 0.26/turn    (no ring)
MPRegen 0.10/turn

%: no passive effects
@: slowed, very slow
A: sickness immunity, AC +4, negative energy resistance 1, electricity
resistance, torment resistance 1, petrification resistance
a: no special abilities


You were on level 2 of the Dungeon.
You visited 1 branch of the dungeon, and saw 2 of its levels.

You collected 70 gold pieces.

Inventory:

Hand Weapons
 a - a +0 flail (weapon)
Missiles
 k - 10 poisoned darts
Armour
 b - a +1 leather armour (worn)
Magical Staves
 g - a staff of earth
Jewellery
 f - a +6 ring of dexterity (left hand)
Wands
 c - a wand of flame (11) (quivered)
 d - a wand of charming (14)
Scrolls
 o - a scroll of teleportation
 q - 2 scrolls of noise
Potions
 h - a potion of cancellation
 i - 3 potions of lignification {unknown}
 j - a potion of flight
 l - a potion of heal wounds {unknown}
 m - a potion of mutation {unknown}
 n - a potion of invisibility {unknown}
 p - a potion of curing {unknown}
 r - a potion of haste {unknown}


   Skills:
 + Level 3.9 Fighting
 + Level 4.4 Maces & Flails
 - Level 2.1 Armour
 - Level 0.7 Dodging
 - Level 1.1 Stealth
 - Level 2.6 Evocations


You had 5 spell levels left.
You didn't know any spells.
Your spell library contained the following spells:

 Spells                   Type           Power      Damage    Failure   Level
 Sandblast                Erth           0%         2d4       36%         1
 Passwall                 Tmut/Erth      0%         N/A       50%         2
 Stone Arrow              Conj/Erth      0%         3d7       75%         3


Dungeon Overview and Level Annotations

Branches:
Dungeon (2/15)

Altars:

Annotations:
D:2 Crazy Yiuf


Innate Abilities, Weirdness & Mutations

You are immune to sickness and miasma.
Your stone body is resilient. (AC +4)
You are immune to poison.
You resist negative energy. (rN+)
You are resistant to electric shocks. (rElec)
You are resistant to unholy torment.
You are immune to petrification.


Message History

Found a hammer.
Found a runed translucent door.
Crazy Yiuf shouts!
You open the door.
Aiming: Iceblast
Press: ? - help, Shift-Dir - straight line, f - Crazy Yiuf
Aim: Crazy Yiuf, wielding a +2 quarterstaff of chaos and wearing a +0 cloak The mass of ice explodes!
The iceblast engulfs Crazy Yiuf!
Crazy Yiuf is heavily wounded.
The now-empty wand crumbles to dust.
You hit Crazy Yiuf.
Crazy Yiuf is severely wounded.
Crazy Yiuf hits you with a +2 quarterstaff of chaos.
Crazy Yiuf burns you.
Crazy Yiuf hits you with a +2 quarterstaff of chaos!
Crazy Yiuf freezes you.
You hit Crazy Yiuf but do no damage.
Crazy Yiuf is severely wounded.
Crazy Yiuf hits you but does no damage.
You blink.
Crazy Yiuf yells, "Prologue Hive canine!"
You hit Crazy Yiuf.
Crazy Yiuf is almost dead.
Crazy Yiuf hits you with a +2 quarterstaff of chaos.
Crazy Yiuf burns you.
You closely miss Crazy Yiuf.
Crazy Yiuf is almost dead.
Crazy Yiuf hits you with a +2 quarterstaff of chaos!
* * * LOW HITPOINT WARNING * * *
You feel yourself slow down.
Okay, then.
You barely miss Crazy Yiuf.
Crazy Yiuf is almost dead.
Crazy Yiuf hits you with a +2 quarterstaff of chaos.
* * * LOW HITPOINT WARNING * * *
Crazy Yiuf hits you with a +2 quarterstaff of chaos.
* * * LOW HITPOINT WARNING * * *
You barely miss Crazy Yiuf.
Crazy Yiuf is almost dead.
Crazy Yiuf cries, "Whiteboard!"
Crazy Yiuf hits you with a +2 quarterstaff of chaos.
You die...

# ♣♣♣♣♣### # ###
♣♣♣.♣....## .
#...#♣@.♣......### #
#...'g♣♣♣♣.......###.#.
# #)..#♣♣
♣♣....#....... # ###
♣♣####.###.## ###
###†###.# ..##
#.......# #..##
########## ####.#####
#...## #..##....#
#.##(#
##.#.####.......##
#..#.#


You could see Crazy Yiuf.

Vanquished Creatures
  Sigmund (D:2)
  2 gnolls (D:2)
  An adder (D:2)
  A worm (D:2)
  3 bats (D:2)
  4 endoplasms
  5 giant cockroaches
  A goblin (D:2)
  3 hobgoblins
  3 kobolds
  3 quokkas
  5 ball pythons
  A frilled lizard (D:1)
  2 rats
35 creatures vanquished.

Vanquished Creatures (others)
  A gnoll (D:2)
1 creature vanquished.

Grand Total: 36 creatures vanquished

Notes
Turn   | Place    | Note
-------+----------+-------------------------------------------
     0 | D:1      | Ijustatesigmund the Gargoyle Artificer began the quest for
                  | the Orb.
     0 | D:1      | Reached XP level 1. HP: 12/12 MP: 1/1
   218 | D:1      | Reached skill level 1 in Maces & Flails
   218 | D:1      | Reached XP level 2. HP: 15/17 MP: 2/2
   514 | D:1      | Found a faded altar of an unknown god.
   579 | D:1      | Reached skill level 2 in Maces & Flails
   918 | D:2      | Reached XP level 3. HP: 19/21 MP: 3/3
  1189 | D:2      | Reached skill level 3 in Maces & Flails
  1339 | D:2      | Reached XP level 4. HP: 24/26 MP: 4/4
  1484 | D:2      | Noticed Sigmund
  1487 | D:2      | Killed Sigmund
  1488 | D:2      | Reached skill level 4 in Maces & Flails
  1488 | D:2      | Reached XP level 5. HP: 26/33 MP: 5/5
  1488 | D:2      | Reached XP level 6. HP: 30/38 MP: 6/6
  1577 | D:2      | Found a runed translucent door.
  1578 | D:2      | Noticed Crazy Yiuf
  1589 | D:2      | Slain by Crazy Yiuf

Illustrated notes

Levels and vault maps discovered:
D:1:      beargit_arrival_diablo_church, layout_basic,
          dreamdust_ecumenical_altar_angels_and_demons
D:2:      minmay_inner_zag, layout_basic, minmay_bisected, uniq_sigmund,
          uniq_crazy_yiuf_cottage

Skill      XL: |  1  2  3  4 |
---------------+-------------+-----
Maces & Flails | 1 2 3 4 |  4.4
Fighting       | 2 3 |  3.9
Armour         | |  2.1
Dodging        | |  0.7
Stealth        | |  1.1
Evocations     | |  2.6

Action                     |  1- 3 |  4- 6 || total
---------------------------+-------+-------++-------
  Melee: Club              |   139 |       ||   139
         Punch             |     3 |       ||     3
         Flail             |     8 |    27 ||    35
  Evoke: Wand              |     6 |     4 ||    10
    Use: Scroll            |     3 |     3 ||     6
   Stab: Sleeping          |     1 |     1 ||     2
 Armour: Leather armour    |    68 |     7 ||    75
  Dodge: Dodged            |   109 |     9 ||   118
